 Dungeon Crawl Stone Soup version 0.29.1-13-g9f3cf754e1 (webtiles) character file.

Game seed: 4964972231006201269

27736 Exodus22XD the Severer (level 13, -1/119 HPs)
             Began as a Minotaur Fighter on Feb 3, 2023.
             Was a High Priest of Ru.
             Killed from afar by a deep elf zephyrmancer (29 damage)
             ... with a bolt of lightning
             ... on level 1 of the Elven Halls on Feb 4, 2023.
             The game lasted 00:38:17 (13247 turns).

Exodus22XD the Severer (Minotaur Fighter)          Turns: 13247, Time: 00:38:19

Health: -1/119     AC: 19    Str: 25    XL:     13   Next: 6%
Magic:  12/12      EV:  8    Int:  5    God:    Ru [*****.]
Gold:   1138       SH:  7    Dex: 17    Spells: 12/12 levels left

rFire   . . .      SeeInvis +   d - +1 broad axe (freeze)
rCold   + + +      Faith    .   c - +0 buckler
rNeg    . . .      Spirit   .   J - +2 chain mail "Rysaihef" {Contam rC+++ Regen+ SInv}
rPois   .          Reflect  .   (helmet restricted)
rElec   .          Harm     .   e - +2 cloak
rCorr   .          Rampage  .   A - +0 pair of gloves
Will    +....                   (no boots)
Stlth   ..........              (no amulet)
HPRegen 1.09/turn               D - ring of willpower
MPRegen 0.13/turn               n - +6 ring of dexterity

@: studying Polearms
A: horns 2, inability to use devices, hated by all, inability to train dodging,
no conjurations magic, no hexes magic, no ice magic, retaliatory headbutt
a: Renounce Religion, Draw Out Power, Power Leap, Apocalypse


You were on level 1 of the Elven Halls.
You worshipped Ru.
Ru was extremely pleased with you.
You visited 4 branches of the dungeon, and saw 16 of its levels.
You also visited: Sewer.

You collected 1533 gold pieces.
You spent 395 gold pieces at shops.

Inventory:

Hand Weapons
 d - a +1 broad axe of freezing (weapon)
 x - a +5 hand axe
 B - a +2 spear of flaming
 H - a +2 flail of holy wrath
Missiles
 M - 2 throwing nets (quivered)
Armour
 c - a +0 buckler (worn)
 e - a +2 cloak (worn)
 y - a +0 kite shield
 A - a +0 pair of gloves (worn)
 C - a +3 chain mail of fire resistance
 J - the +2 chain mail "Rysaihef" (worn) {Contam rC+++ Regen+ SInv}
   (You bought it in a shop on level 9 of the Dungeon)

   rC:        It renders you almost immune to cold.
   SInv:      It lets you see invisible.
   Contam:    It causes magical contamination when unequipped.
   Regen:     It increases your rate of health regeneration.
Jewellery
 a - a ring of protection from cold
 n - a +6 ring of dexterity (right hand)
 D - a ring of willpower (left hand)
 E - a ring of see invisible
Scrolls
 f - 2 scrolls of immolation
 i - 4 scrolls of teleportation
 j - a scroll of brand weapon
 k - a scroll of silence
 o - 6 scrolls of enchant armour
 p - 2 scrolls of blinking
 r - a scroll of fog
 s - 4 scrolls of poison
 v - 3 scrolls of magic mapping
 w - a scroll of torment
 z - 3 scrolls of vulnerability
Potions
 b - a potion of heal wounds {unknown}
 h - 3 potions of curing
 l - 2 potions of invisibility {unknown}
 m - 3 potions of mutation
 q - 2 potions of magic {unknown}
 t - 2 potions of flight {unknown}
 F - a potion of haste {unknown}
 L - 2 potions of cancellation {unknown}


   Skills:
 + Level 12.6 Fighting
 + Level 16.1(17.8) Axes
 + Level 2.4(10.8) Maces & Flails
 * Level 12.6(16.1) Polearms
 + Level 12.3 Armour
 + Level 9.8 Shields


You had 12 spell levels left.
You didn't know any spells.
Your spell library was empty.

Dungeon Overview and Level Annotations

Branches:
Dungeon (11/15)            Temple (0/1) D:7            Lair (2/5) D:11
  Snake (0/4) Lair:2          Orc (2/2) D:11            Elf (1/3) Orc:2
  Sewer (visited)
  Swamp: Lair:2-3    Shoals: Lair:2-3

Altars:
Dithmenos
Nemelex Xobeh
Qazlal
Ru
Xom
Zin

Shops:
D:2 (   D:4 [*(   D:9 [   Orc:2 (?(=

Annotations:
D:5 1 runed translucent door, Crazy Yiuf


Innate Abilities, Weirdness & Mutations

You have a pair of horns on your head.
You cannot study or use magical devices.
You are hated by all.
You cannot train Dodging skill.
You cannot study or cast Conjurations magic.
You cannot study or cast Hexes magic.
You cannot study or cast Ice magic.
You reflexively headbutt those who attack you in melee.


Message History

There is an open door, spattered with blood here.
Okay, then.
Okay, then.
A deep elf zephyrmancer and a deep elf archer come into view.
The deep elf archer is wielding a +2 short sword of freezing.
The deep elf archer shouts!
The deep elf archer unwields a +2 short sword of freezing.
The deep elf archer wields a +0 longbow.
The deep elf archer shoots an arrow.
The arrow hits you.
* * * LOW HITPOINT WARNING * * *
The deep elf pyromancer points at you and mumbles some strange words.
The bolt of fire hits you!
* * * LOW HITPOINT WARNING * * *
A deep elf zephyrmancer comes into view.
It is wielding a +0 rapier.
The deep elf zephyrmancer casts a spell.
The deep elf zephyrmancer blinks!
The deep elf archer is stunned by your conviction and fails to attack.
You hear a shout!
Aiming: Power Leap
Press: ? - help, Dir - move target
Okay, then.
Okay, then.
Blink to where?
Press: ? - help, Dir - move target
As you read the scroll of blinking, it crumbles to dust.
There is an open door here.
You close the door.
As you read the scroll of teleportation, it crumbles to dust.
You feel strangely unstable.
Your surroundings suddenly seem different. 3 deep elf pyromancers, 4 deep elf zephyrmancers, a deep elf archer and a water elemental come into view.
A deep elf pyromancer is wielding a +2 rapier of protection.
Found a scroll of silence.
The deep elf pyromancer shouts!
The deep elf zephyrmancer shouts! x3
The deep elf pyromancer shouts!
The deep elf archer shouts!
You hear a shout!
The water elemental is stunned by your conviction and fails to attack.
The deep elf zephyrmancer begins to cast a spell, but is stunned by your conviction!
The deep elf zephyrmancer gestures at you while chanting.
The bolt of lightning hits you!!
You die...

# ...
##e.e.#
##...#.
#..#.. .
##.e.. #e.
#.... #....
#...#e?....
+.E@....e..
+..e......+
#...#......
#.....#....
##... . #..
#..#... .
##..e ..
##....#.


You could see a deep elf archer (repels missiles), a water elemental, 3 deep elf
pyromancers and 4 deep elf zephyrmancers.

Vanquished Creatures
  2 deep elf demonologists (Elf:1)
  A boulder beetle (D:11)
  2 two-headed ogres
  An orc high priest (Orc:2)
  2 deep elf knights (Elf:1)
  3 deep elf archers (Elf:1)
  8 orc knights (Orc:2)
  A deep elf pyromancer (Orc:2)
  A cyclops (Orc:1)
  6 deep elf zephyrmancers (Elf:1)
  2 black mambas (Lair:1)
  3 kobold demonologists (D:9)
  2 komodo dragons
  3 trolls
  Grinder (D:3)
  A hornet (D:9)
  An air elemental (Elf:1)
  Sigmund (D:5)
  A shadow (D:9)
  A water elemental (Elf:1)
  A wyvern (D:10)
  18 yaks
  A vampire (D:9)
  A steam dragon (D:6)
  7 wargs
  3 acid dragons (D:11)
  5 water moccasins
  30 orc warriors
  A sky beast (D:7)
  4 black bears
  3 ice beasts
  4 ogres
  4 centaurs
  4 kobold brigands
  2 gnoll sergeants
  7 bullfrogs
  2 scorpions (D:5)
  12 killer bees
  5 howler monkeys
  2 jellies
  5 orc priests
  3 gnoll boudas
  4 hounds
  6 iguanas
  20 orc wizards
  Terence (D:2)
  23 gnolls
  13 adders
  2 white imps
  A worm (D:2)
  7 dart slugs
  71 orcs
  17 ball pythons
  4 bats
  17 endoplasms
  14 giant cockroaches
  5 goblins
  5 hobgoblins
  7 jackals
  9 quokkas
  12 frilled lizards
  19 kobolds
  7 rats
431 creatures vanquished.

Vanquished Creatures (others)
  A yak (D:10)
  A white imp (D:6)
  An orc (Orc:2)
  A goblin (D:4)
  40 plants
  5 toadstools (D:1)
49 creatures vanquished.

Grand Total: 480 creatures vanquished

Notes
Turn   | Place    | Note
-------+----------+-------------------------------------------
     0 | D:1      | Exodus22XD the Minotaur Fighter began the quest for the
                  | Orb.
     0 | D:1      | Reached XP level 1. HP: 19/19 MP: 0/0
   139 | D:1      | Reached XP level 2. HP: 27/27 MP: 1/1
   351 | D:1      | Reached XP level 3. HP: 33/33 MP: 2/2
   356 | D:1      | Reached skill level 3 in Axes
   395 | D:1      | Found a faded altar of an unknown god.
   445 | D:1      | Prayed at the altar of an unknown god.
   445 | D:1      | Became a worshipper of Ru the Awakened
   469 | D:1      | Gained mutation: You cannot study or use magical devices.
                  | [Ru sacrifice]
   469 | D:1      | Reached * piety under Ru
   469 | D:1      | Reached ** piety under Ru
   807 | D:2      | Noticed Terence
   819 | D:2      | Killed Terence
   820 | D:2      | Reached XP level 4. HP: 26/40 MP: 3/3
   942 | D:2      | Found Onisaj Pown's Antique Weapon Shoppe.
  1321 | D:2      | Reached skill level 4 in Axes
  1506 | D:3      | Found a sacrificial altar of Ru.
  1601 | D:3      | Found a glowing drain.
  1607 | D:3      | Reached XP level 5. HP: 45/47 MP: 4/4
  1634 | Sewer    | Entered a sewer
  2013 | Sewer    | Reached skill level 5 in Axes
  2016 | Sewer    | Reached XP level 6. HP: 44/55 MP: 5/5
  2415 | D:3      | Noticed Grinder
  2419 | D:3      | Paralysed by Grinder for 4 turns
  2427 | D:3      | Reached skill level 5 in Armour
  2433 | D:3      | Paralysed by Grinder for 5 turns
  2442 | D:3      | Killed Grinder
  2443 | D:3      | Reached skill level 5 in Fighting
  2443 | D:3      | Reached skill level 6 in Axes
  2443 | D:3      | Reached skill level 5 in Shields
  2443 | D:3      | Reached XP level 7. HP: 26/61 MP: 6/6
  2942 | D:4      | Found a stormy altar of Qazlal.
  3057 | D:4      | Identified the +9 dagger of the Original Sin {elec, rN+}
  3103 | D:4      | Reached skill level 7 in Axes
  3302 | D:4      | Gained mutation: You are hated by all. [Ru sacrifice]
  3302 | D:4      | Reached *** piety under Ru
  3386 | D:4      | Found Cuol Edgh's Antique Weapon Emporium.
  3562 | D:4      | Found a sparkling altar of Nemelex Xobeh.
  3637 | D:4      | Found Dyredem's Assorted Antiques.
  3803 | D:4      | Found a glowing silver altar of Zin.
  3829 | D:4      | Found Huxar's Armour Shop.
  3867 | D:5      | Entered Level 5 of the Dungeon
  3882 | D:5      | Reached skill level 8 in Axes
  3885 | D:5      | Identified the +9 sling of Lish {vorpal, rF+}
  3958 | D:5      | Reached XP level 8. HP: 65/70 MP: 7/7
  4196 | D:5      | Reached skill level 9 in Axes
  4276 | D:5      | Found a runed translucent door.
  4277 | D:5      | Noticed Crazy Yiuf
  4637 | D:5      | Noticed Sigmund
  4644 | D:5      | Killed Sigmund
  5148 | D:6      | Reached skill level 10 in Axes
  5185 | D:6      | Found a shadowy altar of Dithmenos.
  5210 | D:6      | Reached XP level 9. HP: 55/78 MP: 8/8
  5459 | D:6      | Reached skill level 11 in Axes
  5868 | D:6      | Gained mutation: You cannot study or cast Ice magic. [Ru
                  | sacrifice]
  5868 | D:6      | Gained mutation: You cannot study or cast Hexes magic. [Ru
                  | sacrifice]
  5868 | D:6      | Gained mutation: You cannot study or cast Conjurations
                  | magic. [Ru sacrifice]
  5868 | D:6      | Reached **** piety under Ru
  6038 | D:6      | Found a shimmering altar of Xom.
  6213 | D:7      | Found a staircase to the Ecumenical Temple.
  6451 | D:7      | Reached skill level 12 in Axes
  7300 | D:8      | Reached XP level 10. HP: 74/88 MP: 9/9
  7310 | D:8      | Reached skill level 13 in Axes
  8016 | D:9      | Found Wugyjiar's Antique Armour Shop.
  8023 | D:9      | Bought a warped chain mail for 275 gold pieces
  8023 | D:9      | Identified the +2 chain mail "Rysaihef" {Contam rC+++
                  | Regen+ SInv} (You bought it in a shop on level 9 of the
                  | Dungeon)
  8098 | D:9      | Noticed a two-headed ogre
  8108 | D:9      | Killed a two-headed ogre
  8172 | D:9      | Gained mutation: You cannot train Dodging skill. [Ru
                  | sacrifice]
  8172 | D:9      | Reached ***** piety under Ru
  8201 | D:9      | Reached skill level 14 in Axes
  8201 | D:9      | Reached skill level 5 in Polearms
  8747 | D:10     | Entered Level 10 of the Dungeon
  8794 | D:10     | Reached XP level 11. HP: 87/97 MP: 10/10
  9328 | D:10     | Noticed a two-headed ogre
  9336 | D:10     | Killed a two-headed ogre
  9516 | D:11     | Noticed a boulder beetle
  9541 | D:11     | Killed a boulder beetle
  9542 | D:11     | Reached skill level 10 in Armour
  9628 | D:11     | Found a staircase to the Orcish Mines.
  9671 | D:11     | Reached skill level 10 in Fighting
  9815 | D:11     | Found a staircase to the Lair.
 10298 | Lair:1   | Entered Level 1 of the Lair of Beasts
 10413 | Lair:1   | Reached skill level 1 in Maces & Flails
 10468 | Lair:2   | Found a staircase to the Snake Pit.
 10550 | Orc:1    | Entered Level 1 of the Orcish Mines
 10642 | Orc:2    | Entered Level 2 of the Orcish Mines
 10690 | Orc:2    | Found a staircase to the Elven Halls.
 10798 | Orc:2    | Noticed an orc knight
 10880 | Orc:2    | Killed an orc knight
 10889 | Orc:2    | Noticed an orc knight
 10902 | Orc:2    | Killed an orc knight
 10958 | Orc:2    | Noticed an orc high priest
 10978 | Orc:2    | Killed an orc high priest
 10993 | Orc:2    | Reached skill level 15 in Axes
 10996 | Orc:2    | Found Uromnov's Weapon Shop.
 10996 | Orc:2    | Noticed an orc knight
 11031 | Orc:2    | Killed an orc knight
 11032 | Orc:2    | Reached XP level 12. HP: 106/110 MP: 11/11
 11059 | Orc:2    | Found Lytteipiep's Magic Scroll Shoppe.
 11097 | Orc:2    | Reached skill level 10 in Polearms
 11133 | Orc:2    | Bought a scroll of identify for 30 gold pieces
 11133 | Orc:2    | Bought a scroll of identify for 30 gold pieces
 11691 | Orc:2    | Found Neduwef's Antique Weapon Shop.
 11691 | Orc:2    | Found Buibrizu's Jewellery Shoppe.
 12647 | Orc:2    | Bought a scroll of fear for 60 gold pieces
 12735 | Elf:1    | Entered Level 1 of the Elven Halls
 12825 | Elf:1    | Noticed a deep elf demonologist
 12828 | Elf:1    | Noticed a Hell Sentinel
 12834 | Elf:1    | Noticed a cacodemon
 12967 | Elf:1    | Noticed an Executioner
 12972 | Elf:1    | Killed a deep elf demonologist
 13224 | Elf:1    | Noticed a deep elf demonologist
 13224 | Elf:1    | Paralysed by an air elemental for 1 turns
 13227 | Elf:1    | Reached skill level 16 in Axes
 13228 | Elf:1    | Killed a deep elf demonologist
 13229 | Elf:1    | Reached XP level 13. HP: 115/119 MP: 12/12
 13247 | Elf:1    | Killed from afar by a deep elf zephyrmancer

Illustrated notes

Levels and vault maps discovered:
D:1:      ldierk_walled_garden, layout_basic,
          hellmonk_ecumenical_altar_defaced_shrine
D:2:      layout_loops_ring, serial_shops, shop, uniq_terence
D:3:      layout_loops_ring, nicolae_ru_sacrificial_ziggurat,
          portal_sewer_entry_b, chequers_serial_rivers_micro_b, minmay_between,
          uniq_grinder
D:4:      layout_loops_cross, zin_academy, mainiacjoe_overflow_boulevard,
          overflow_temple_1_default, serial_shops, kennysheep_little_box, shop,
          shop, hangedman_decor_opposing, st_stairs_10, minmay_manual_moon
D:5:      layout_basic, uniq_sigmund, uniq_crazy_yiuf_cottage
D:6:      layout_loops_ring, nicolae_dithmenos_shadow_blocks, tgw_xom
D:7:      layout_loops_ring, nicolae_overflow_hidden_temple,
          minmay_temple_entry_tees, minmay_misc_feat_more_columns
D:8:      layout_rooms
D:9:      hellmonk_destroyed_diamonds, layout_irregular_city, serial_shops,
          nicolae_shop_competitors_out_of_business, st_stairs_10
D:10:     layout_roguey, mainiacjoe_overflow_24_doors
D:11:     layout_loops_ring, david_lair_shrubbed, david_orc_2,
          minmay_tree_intersection
Lair:1:   layout_chaotic_city, beast_lair_carwin_5, uniq_amaemon
Lair:2:   layout_concentric_octagons, minmay_shoals_entry_centaurs,
          dummy_snake_entry, infiniplex_staircase_pool
Orc:1:    layout_caves, mines1_david
Orc:2:    st_orc_town, layout_caves
Elf:1:    kennysheep_six_static_rooms, layout_geoelf_grid, minmay_elf_sorcery,
          minmay_shop_grid_forest, lemuel_upstairs_altar

Skill      XL: |  1  2  3  4  5  6  7  8  9 10 11 12 |
---------------+-------------------------------------+-----
Shields        | 4 5 6 7 9 |  9.8
Armour         | 4 5 7 8 9 10 12 | 12.3
Fighting       | 4 5 6 7 9 11 12 | 12.6
Axes           | 3 4 5 6 8 10 12 14 15 16 | 16.1
Polearms       | 6 9 12 | 12.6
Maces & Flails | 2 |  2.4

Action                   |  1- 3 |  4- 6 |  7- 9 | 10-12 | 13-15 || total
-------------------------+-------+-------+-------+-------+-------++-------
Melee: War axe           |    65 |   156 |   289 |    78 |       ||   588
       Headbutt          |     5 |    17 |    47 |   211 |     1 ||   281
       Hand axe          |       |       |       |   678 |       ||   678
       Flail             |       |       |       |    13 |       ||    13
       Broad axe         |       |       |       |    55 |     7 ||    62
Invok: Sacrifice Artific |     1 |       |       |       |       ||     1
       Sacrifice Love    |       |       |     1 |       |       ||     1
       Sacrifice Arcana  |       |       |     1 |       |       ||     1
       Sacrifice Nimblen |       |       |       |     1 |       ||     1
       Draw Out Power    |       |       |       |     2 |       ||     2
       Reject Sacrifices |       |       |       |     1 |       ||     1
  Use: Potion            |       |       |     2 |     5 |       ||     7
       Scroll            |       |       |     2 |    17 |     2 ||    21
 Stab: Distracted        |     1 |     1 |     1 |     5 |       ||     8
       Invisible         |       |       |       |     8 |       ||     8
       Paralysed         |       |       |       |     9 |       ||     9
Armor: Scale mail        |    28 |    87 |    23 |       |       ||   138
       Chain mail        |       |       |   155 |   232 |     6 ||   393
Dodge: Dodged            |    30 |    75 |   131 |   163 |       ||   399
Block: Buckler           |    11 |    47 |    95 |   147 |       ||   300
